 Dungeon Crawl Stone Soup version 0.28-a0-751-gef3a642a4e (webtiles) character file.

Game seed: 11514919813403122808

389 jasper the Skirmisher (level 6, -1/50 HPs)
             Began as a Demonspawn Artificer on Oct 31, 2021.
             Slain by a gnoll (5 damage)
             ... on level 5 of the Dungeon.
             The game lasted 00:06:52 (4089 turns).

jasper the Skirmisher (Demonspawn Artificer)        Turns: 4089, Time: 00:06:52

Health: -1/50      AC:  6    Str: 12    XL:     6   Next: 49%
Magic:  6/6        EV: 10    Int: 12    God:
Gold:   141        SH: 11    Dex: 16    Spells: 5/5 levels left

rFire   . . .      SeeInvis .   w - +0 rapier
rCold   + . .      Faith    .   f - +1 buckler
rNeg    . . .      Spirit   .   r - +0 ring mail
rPois   .          Reflect  +   (no helmet)
rElec   .          Harm     .   s - +0 cloak
rCorr   .          Rampage  .   (no gloves)
Will    .....                   (no boots)
Stlth   +.........              y - amulet of reflection
HPRegen 0.16/turn               g - ring of protection from cold
MPRegen 0.10/turn               (no ring)

@: brilliant, lethally poisoned (-1 -> -21)
A: demonic guardian 2, weakness stinger 2
a: no special abilities


You were on level 5 of the Dungeon.
You visited 1 branch of the dungeon, and saw 5 of its levels.

You collected 141 gold pieces.

Inventory:

Hand Weapons
 a - a +0 club
 h - a +0 short sword
 k - a +0 hand axe
 l - a +0 dagger of venom
 q - a +0 flail
 w - a +0 rapier (weapon)
Missiles
 m - 92 stones (quivered)
 t - 18 poisoned darts
 v - 2 atropa-tipped darts
Armour
 b - a +0 leather armour
 f - a +1 buckler (worn)
 r - a +0 ring mail (worn)
 s - a +0 cloak (worn)
Magical Staves
 u - a staff of conjuration
Jewellery
 g - a ring of protection from cold (left hand)
 y - an amulet of reflection (around neck)
Scrolls
 z - 2 scrolls of amnesia
Potions
 c - a potion of flight
 i - 2 potions of brilliance
 n - 2 potions of curing {unknown}
 o - a potion of might {unknown}
 p - a potion of cancellation {unknown}
Miscellaneous
 e - a piece from Xom's chessboard (15/15)


   Skills:
 + Level 4.9 Fighting
 - Level 1.7 Armour
 - Level 0.8 Dodging
 - Level 0.8 Stealth
 + Level 4.0 Shields
 - Level 3.0 Evocations


You had 5 spell levels left.
You didn't know any spells.
Your spell library contained the following spells:

 Spells                   Type           Power      Damage    Failure   Level
 Shock                    Conj/Air       0%         1d3       58%         1
 Slow                     Hex            0%         N/A       58%         1
 Confusing Touch          Hex            0%         N/A       91%         3
 Swiftness                Air            0%         N/A       91%         3
 Vampiric Draining        Necr           0%         2d6       91%         3
 Airstrike                Air            0%         N/A       100%        4


Dungeon Overview and Level Annotations

Branches:
Dungeon (5/15)
 Temple: D:4-7

Altars:


Innate Abilities, Weirdness & Mutations

A demonic guardian rushes to your aid.
You have a tail ending in a sharp stinger.


Message History

The water moccasin is lightly wounded.
The gnoll hits you from afar with a +2 spear of venom.
The water moccasin bites you but does no damage.
You take 3 damage, and have 25/75 hp.
Your +0 dagger of venom stops dripping with poison.
w - a +0 rapier (weapon)
You block the gnoll's attack.
The water moccasin bites you but does no damage.
You hit the water moccasin.
The water moccasin is heavily wounded.
You block the water moccasin's attack. The gnoll hits you but does no damage.
You are poisoned.
You closely miss the water moccasin.
The water moccasin is heavily wounded.
You feel very sick.
The water moccasin bites you but does no damage.
You block the gnoll's attack.
The water moccasin bites you but does no damage.
You take 3 damage, and have 23/75 hp.
You puncture the water moccasin!
The water moccasin is almost dead.
You feel sick. You block the water moccasin's attack.
The gnoll hits you from afar with a +2 spear of venom.
* * * LOW HITPOINT WARNING * * *
The water moccasin bites you.
* * * LOW HITPOINT WARNING * * *
A demonic guardian appears!
You take 9 damage, and have 14/75 hp.
You closely miss the water moccasin.
The water moccasin is almost dead.
You feel less wooden.
Your +0 cloak unmelds from your body.
Your +0 ring mail unmelds from your body.
You feel sick.
You kill the water moccasin!
The gnoll hits you from afar with a +2 spear of venom.
* * * LOW HITPOINT WARNING * * *
You are more poisoned.
The gnoll hits you from afar with a +2 spear of venom.
You die...

.# .# #...# .#
#...# .# #S..# .#
##### #...# ..
##...###...#
##.....##...# .
#.†.!..)#g..#....
#..!...@)w..'....
#......4#...#....
##.....##...# .
##...###...#
##### #...# #...#
#.?.# #...#


You could see a worm, a gnoll (ally target) and a friendly orange demon
(summoned).

Vanquished Creatures
  A water moccasin (D:5)
  A howler monkey (D:5)
  A jelly (D:5)
  2 gnolls (D:5)
  2 adders (D:4)
  A worm (D:3)
  A dart slug (D:3)
  An orc (D:3)
  4 endoplasms
  3 giant cockroaches
  6 goblins
  4 hobgoblins
  4 jackals (D:1)
  3 quokkas
  8 ball pythons
  4 frilled lizards
  5 kobolds
  3 rats
  A spectral goblin (D:1)
55 creatures vanquished.

Vanquished Creatures (collateral kills)
  A necrophage (D:5)
  An ogre (D:5)
  An iguana (D:5)
  2 worms
  A quokka (D:5)
6 creatures vanquished.

Vanquished Creatures (others)
  A hound (D:5)
  An orc (D:5)
2 creatures vanquished.

Grand Total: 63 creatures vanquished

Notes
Turn   | Place    | Note
-------+----------+-------------------------------------------
     0 | D:1      | jasper the Demonspawn Artificer began the quest for the
                  | Orb.
     0 | D:1      | Reached XP level 1. HP: 15/15 MP: 1/1
   325 | D:1      | Gained mutation: You have a small tail. [demonic ancestry]
   325 | D:1      | Reached XP level 2. HP: 19/22 MP: 2/2
   508 | D:1      | Found a faded altar of an unknown god.
   797 | D:1      | Reached skill level 1 in Shields
  1420 | D:2      | Gained mutation: A weak demonic guardian rushes to your
                  | aid. [demonic ancestry]
  1420 | D:2      | Reached XP level 3. HP: 28/28 MP: 3/3
  3130 | D:4      | Gained mutation: You have a tail ending in a sharp stinger.
                  | [demonic ancestry]
  3130 | D:4      | Reached XP level 4. HP: 35/35 MP: 4/4
  3134 | D:4      | Noticed a phantom
  3277 | D:5      | Entered Level 5 of the Dungeon
  3566 | D:5      | Noticed a phantom
  3917 | D:5      | Noticed a water moccasin
  3917 | D:5      | Noticed an ogre
  3925 | D:5      | Killed an ogre
  3926 | D:5      | Gained mutation: A demonic guardian rushes to your aid.
                  | [demonic ancestry]
  3926 | D:5      | Reached XP level 5. HP: 42/42 MP: 5/5
  3956 | D:5      | Noticed a necrophage
  3965 | D:5      | Reached XP level 6. HP: 28/49 MP: 6/6
  4066 | D:5      | Noticed a water moccasin
  4089 | D:5      | Killed a water moccasin
  4089 | D:5      | Slain by a gnoll

Illustrated notes

Levels and vault maps discovered:
D:1:      heliophobic_arrival_battle_scene, layout_basic,
          dreamdust_ecumenical_altar_drowned_temple,
          chequers_serial_rivers_marsh
D:2:      layout_rooms
D:3:      layout_basic
D:4:      layout_loops_cross, old_standard_altar, chequers_decorated_corner,
          nicolae_zen_rock_garden
D:5:      kennysheep_six_static_rooms, layout_loops_ring,
          mainiacjoe_overflow_brackets

Skill      XL: |  1  2  3  4  5  6 |
---------------+-------------------+-----
Fighting       | 2 3 4 |  4.9
Shields        | 1 2 3 4 |  4.0
Armour         | |  1.7
Dodging        | |  0.8
Stealth        | |  0.8
Evocations     | |  3.0

Action                   |  1- 3 |  4- 6 || total
-------------------------+-------+-------++-------
Melee: Club              |    11 |       ||    11
       Short sword       |    22 |       ||    22
       Dagger            |    67 |    52 ||   119
       Tailslap          |    13 |    10 ||    23
       Rapier            |       |     4 ||     4
Throw: Stone             |    34 |     2 ||    36
Evoke: Wand              |    15 |    15 ||    30
       Piece from Xom's  |       |     8 ||     8
  Use: Scroll            |     5 |     1 ||     6
       Potion            |       |     3 ||     3
 Stab: Paralysed         |       |     1 ||     1
Armor: Leather armour    |    14 |       ||    14
       Ring mail         |     9 |    11 ||    20
       Skin              |       |    20 ||    20
Dodge: Dodged            |    50 |    20 ||    70
Block: Buckler           |    16 |    46 ||    62

Table legend: (Time is in decaauts)
 A = Elapsed time spent in this place.
 B = Non-inter-level travel time spent in this place.
 C = Inter-level travel time spent in this place.
 D = Time resting spent in this place.
 E = Time spent auto-exploring this place.
 F = Levels seen in this place.
 G = Mean time per level.
                   A        B        C        D        E       F      G
               +--------+--------+--------+--------+--------+-----+--------+
         Total |   4114 |   3974 |    140 |   1387 |   1773 |   5 |  822.8 |
       Dungeon |   4114 |   3974 |    140 |   1387 |   1773 |   5 |  822.8 |
               +--------+--------+--------+--------+--------+-----+--------+

Top non-repeatable levels by time:
     D:1: 1372 daAuts
     D:3: 1118 daAuts
     D:5: 809 daAuts
     D:2: 686 daAuts
     D:4: 127 daAuts
